 Dungeon Crawl Stone Soup version 0.19.1 (webtiles) character file.

46 Firecrotchwizard the Cudgeler (level 3, -1/37 HPs)
             Began as an Ogre Warper on Dec 2, 2016.
             Slain by a kobold
             ... wielding a +0 dagger
              (3 damage)
             ... on level 2 of the Dungeon.
             The game lasted 00:05:37 (1444 turns).

Firecrotchwizard the Cudgeler (Ogre Warper)         Turns: 1444, Time: 00:05:38

Health: -1/37      AC:  3    Str: 16    XL:     3   Next: 66%
Magic:  2/7        EV: 10    Int: 13    God:
Gold:   86         SH:  0    Dex:  9    Spells: 1 memorised, 5 levels left

rFire  . . .     SeeInvis .     a - +0 mace
rCold  . . .     Gourm    .     b - +0 robe
rNeg   . . .     Faith    .     (no shield)
rPois  .         Spirit   .     (helmet restricted)
rElec  .         Reflect  .     (no cloak)
rCorr  .         Harm     .     (gloves unavailable)
MR     .....                    (boots unavailable)
Stlth  +.........               (no amulet)
                                (no ring)
                                (no ring)

@: lethally poisoned (-1 -> -2), shrouded
A: unfitting armour, tough skin 1
a: no special abilities


You were on level 2 of the Dungeon.
You were not hungry.

You visited 1 branch of the dungeon, and saw 2 of its levels.

You collected 86 gold pieces.

Inventory:

Hand Weapons
 a - a +0 mace (weapon)
Missiles
 e - 4 tomahawks of dispersal (quivered)
Armour
 b - a +0 robe (worn)
Scrolls
 d - a scroll of blinking
 h - 2 scrolls of identify {unknown}
 k - a scroll of fog {unknown}
 l - 2 scrolls of teleportation {unknown}
 n - a scroll of amnesia {unknown}
 o - a scroll of remove curse {unknown}
 p - a scroll of enchant weapon {unknown}
Potions
 i - a potion of heal wounds {unknown}
 m - a potion of resistance {unknown}
 q - a potion of ambrosia {unknown}
 r - a potion of agility {unknown}
 t - 2 potions of berserk rage {unknown}
 u - a potion of brilliance {unknown}
Books
 c - a book of Spatial Translocations

   Spells                             Type                      Level
   a - Blink                          Translocation                2
   b - Shroud of Golubria             Charms/Translocation         2
   c - Lesser Beckoning               Translocation                3
   d - Portal Projectile              Translocation                3
   e - Teleport Other                 Translocation                3
   f - Passage of Golubria            Translocation                4
Comestibles
 f - 2 bread rations
 g - 2 fruits
 j - 3 meat rations


   Skills:
 * Level 3.1 Fighting
 * Level 3.3 Maces & Flails
 * Level 1.6 Throwing
 + Level 0.4 Armour
 + Level 2.3 Dodging
 * Level 2.8 Spellcasting
 * Level 2.3 Translocations


You had 5 spell levels left.
You knew the following spells:

 Your Spells              Type           Power        Failure   Level  Hunger
a - Shroud of Golubria    Chrm/Tloc      #.........   24%         2    ###....


Dungeon Overview and Level Annotations

Branches:
Dungeon (2/15)

Altars:


Innate Abilities, Weirdness & Mutations

You are too large for most types of armour.
You have tough skin. (AC +1)


Message History

You kill the adder!
You feel sick.
The hobgoblin hits you with a short sword.
* * * LOW HITPOINT WARNING * * *
The kobold throws a stone.
The stone hits you but does no damage. The worm closely misses you.
A worm comes into view.
The kobold hits you but does no damage.
The worm moves out of view.
Things that are here:
an adder corpse; a kobold corpse
Casting: Shroud of Golubria
Confirm with . or Enter, or press ? or * to list all spells.
Space distorts slightly along a thin shroud covering your body.
The hobgoblin closely misses you. The kobold barely misses you.
You closely miss the kobold.
You feel sick. The hobgoblin barely misses you. The kobold closely misses you.
The hobgoblin hits you with a short sword.
* * * LOW HITPOINT WARNING * * *
You hit the kobold but do no damage. The kobold hits you with a dagger.
You die...

.# #.# #.# . .##
#.####.. ....
##....... .....
......
w.#...####..###
......K@gw...)#
..#...###.(†>.#####
##.#.............
...).##.....#####
###.# #.....# .
###.### #.# #.# #.#


You could see 2 worms, a hobgoblin and a kobold.

Vanquished Creatures
  An adder (D:2)
  3 dart slugs
  5 bats (D:1)
  2 goblins (D:2)
  7 hobgoblins
  A kobold (D:2)
  A quokka (D:2)
  5 frilled lizards
  7 rats (D:1)
32 creatures vanquished.

Notes
Turn   | Place    | Note
-------+----------+-------------------------------------------
     0 | D:1      | Firecrotchwizard the Ogre Warper began the quest for the Orb.
     0 | D:1      | Reached XP level 1. HP: 22/22 MP: 3/3
   154 | D:1      | Reached XP level 2. HP: 29/29 MP: 5/5
   158 | D:1      | Learned a level 2 spell: Shroud of Golubria
   755 | D:1      | Reached XP level 3. HP: 20/36 MP: 7/7
  1444 | D:2      | Slain by a kobold

Skill      XL: |  1  2  3 |
---------------+----------+-----
Maces & Flails | 3 |  3.3
Fighting       | 3 |  3.1
Throwing       | |  1.6
Armour         | |  0.4
Dodging        | |  2.3
Spellcasting   | |  2.8
Translocations | |  2.3

Action                   || total
-------------------------++-------
Melee: Mace              ||   128
Throw: Tomahawk          ||     1
 Cast: Shroud of Golubri ||     5
 Stab: Sleeping          ||     1
  Eat: Chunk             ||     2
Armor: Robe              ||    51
Dodge: Dodged            ||    99
